Description

CO-OP Mist Opportunities

奖励1触发时间为11:18,奖励2触发时间为23:09,但若玩家单位进入对应的蓝色区域,则会提前触发。

Build Order

Get SALT Encoding   

  1  3:00  Action 右红点  
  10  5:00  Bunker 进攻采集点 25秒后第二次  
  20  8:15  Bunker 进攻下-上-下-上 每二十秒一次  
  2  10:00  Action 左红点  
  99  11:18  Cyclone 奖励1强制触发  
  30  12:25  Bunker 左-右-左-右-左-右  
  3  15:30  Action 右红点 目标建筑较少的分矿  
  40  18:38  Bunker 进攻左-中-右-左-中-右  
  4  21:15  Action 左红点 目标与上次相反  
  99  23:09  Cyclone 奖励2强制触发  
  51  25:08  Bunker 进攻左 刷新在左侧或右上  
  53  25:38  Bunker 进攻右 刷新在附近两侧  
  54  25:53  Bunker 进攻血量最低的机器人 完全随机  
  55  26:23  Bunker 进攻左 刷新在左侧或右上  
  56  26:53  Bunker 进攻血量最低 完全随机  
  57  27:23  Bunker 进攻下 固定刷新位置  
  5  28:06  Action 进攻左红点  
  58  28:53  Bunker 进攻血量最低 完全随机  
  59  28:23  Bunker 进攻右 刷新在附近两侧  
  52  25:23  Bunker 进攻下 固定刷新位置  
Spawning Tool Build Advisor. Get it on Overwolf

Go to:

Details

  • Created by: Arbalest
  • Published on: Jan 01, 2020
  • Modified on: Jan 02, 2020
  • Patch: 4.11.0
Show
View Real Time Build Order
Export as new Build Order

Comments (0)

There are no comments. Be the first!

Create an account to comment!